AoeStats
← Ayacucho’s Last Romantic ♡

Lombardia

507181489Analyzed
4v4 RM · 17d ago on Sep 17, 2026· 16m 38s· 8 players
Game mode
Random Map
Map size
Large (8 player)
Population
200
Speed
Normal
Resources
Standard
Victory
Conquest
Starting age
Dark Age
Ending age
Imperial Age
RankedLock teamsTeams togetherTeam positionsShared explorationLock speedFull tech treeHidden civsTurbo modeCheats
Victory
Defeat
🇨🇱 Mongols · Chile
1541
+14
🇨🇴 Goths · Colombia
1531
+14
🇨🇱 Bulgarians · Chile
1490
+16
🇦🇺 Malay · Australia
1466
+17
🇺🇸 Sicilians · United States
1527
-17
🇨🇴 Tatars · Colombia
1488
-15
🇹🇷 Magyars · Türkiye
1479
-15
1465
-14
sliu132
8:31 Loom
10:49 Feudal Age
[MLTS] RKotzen
4:37 Loom
4:51 Loom
11:08 Feudal Age
14:56 Castle Age
14:17 Double-Bit Axe
14:13 Horse Collar
Ayacucho’s Last Romantic ♡
10:14 Feudal Age
11:42 Loom
13:57 Double-Bit Axe
MinorCloud9519
6:29 Loom
9:24 Feudal Age
9:57 Double-Bit Axe
14:18 Horse Collar
Giacomo
8:49 Loom
10:40 Feudal Age
15:15 Castle Age
13:30 Double-Bit Axe
13:40 Horse Collar
16:46 Bow Saw
El Choro Stifen
9:15 Loom
11:01 Feudal Age
13:02 Double-Bit Axe
15:33 Castle Age
17:13 Bow Saw
SpawnShark
7:06 Loom
9:25 Feudal Age
9:03 Double-Bit Axe
13:46 Horse Collar
Patopsx
5:38 Loom
8:23 Feudal Age
9:58 Double-Bit Axe
10:29 Horse Collar
12:35 Town Watch
Connection lost

Rejoining the realm…

Still unreachable

The connection could not be restored.

Session expired

The server has moved on; the page needs a fresh start.